 Dungeon Crawl Stone Soup version 0.18.1-50-g88ac8fd (webtiles) character file.

1845 wamma the Protected (level 8, -1/73 HPs)
             Began as a Minotaur Berserker on Sept 14, 2016.
             Was an Elder of Trog.
             Slain by an ogre
             ... wielding a +0 giant club
              (5 damage)
             ... on level 7 of the Dungeon.
             The game lasted 00:22:38 (5565 turns).

wamma the Protected (Minotaur Berserker)            Turns: 5565, Time: 00:22:38

Health: -1/73      AC: 16    Str: 21 (23) XL:     8   Next: 88%
Magic:  7/7        EV:  8    Int:  1 (4)  God:    Trog [****..]
Gold:   342        SH:  0    Dex:  9 (11) Spells: 0 memorised, 7 levels left

rFire  . . .     SeeInvis .     t - +3 war axe
rCold  . . .     Gourm    .     s - +1 plate armour
rNeg   . . .     Faith    .     (no shield)
rPois  .         Spirit   .     (helmet restricted)
rElec  .         Dismiss  .     (no cloak)
rCorr  .         Reflect  .     (no gloves)
SustAt .         Harm     .     x - +0 pair of boots
MR     .....                    (no amulet)
Stlth  ..........               (no ring)
                                (no ring)

@: not resistant to hostile enchantments, extremely unstealthy
A: retaliatory headbutt, horns 2
a: Berserk, Trog's Hand, Brothers in Arms, Burn Spellbooks, Renounce Religion


You were on level 7 of the Dungeon.
You worshipped Trog.
Trog was greatly pleased with you.
You were not hungry.

You visited 1 branch of the dungeon, and saw 7 of its levels.
You also visited: Sewer.

You collected 342 gold pieces.

Inventory:

Hand Weapons
 a - a +1 hand axe
 t - a +3 war axe (weapon)
 G - a +0 dagger of holy wrath
Armour
 b - a +0 animal skin
 f - a +2 buckler of positive energy
 k - a +0 ring mail
 l - a +0 ring mail
 s - a +1 plate armour (worn)
 x - a +0 pair of boots (worn)
 C - a +0 shield
Wands
 v - a wand of random effects (48/48)
 w - a wand of polymorph (7/24)
 A - a wand of iceblast (3/15)
Scrolls
 d - 2 scrolls of random uselessness
 e - 2 scrolls of immolation
 h - a scroll of blinking
 r - 4 scrolls of identify
 u - 2 scrolls of teleportation
 D - a scroll of recharging
 E - a scroll of remove curse
 H - a scroll of fear
Potions
 g - a potion of brilliance {unknown}
 i - a potion of magic {unknown}
 j - a potion of lignification {unknown}
 o - a potion of beneficial mutation {unknown}
 p - a potion of curing {unknown}
 q - 2 potions of agility {unknown}
 z - 4 potions of invisibility {unknown}
 B - a potion of flight {unknown}
Books
 m - a book of the Sky

   Spells                             Type                      Level
   a - Summon Lightning Spire         Summoning/Air                4
   b - Airstrike                      Air                          4
   c - Silence                        Hexes/Air                    5
   d - Deflect Missiles               Charms/Air                   6
   e - Conjure Ball Lightning         Conjuration/Air              6
   f - Tornado                        Air                          9
   Trog disapproves of the use of such an item.
Comestibles
 c - 2 bread rations
 n - 2 meat rations


   Skills:
 + Level 7.3 Fighting
 + Level 7.7 Axes
 + Level 9.3 Armour
 + Level 4.5 Dodging
 + Level 0.5 Stealth
 + Level 0.2 Shields


You had 7 spell levels left.
You didn't know any spells.

Dungeon Overview and Level Annotations

Branches:
Dungeon (7/15)             Temple (0/1) D:5

Altars:
Cheibriados
Elyvilon
Fedhas
Pakellas
Qazlal
Sif Muna
Trog
Vehumet
Xom
Yredelemnul
Zin
The Shining One


Innate Abilities, Weirdness & Mutations

You reflexively headbutt those who attack you in melee.
You have a pair of horns on your head.


Message History

You hit the ogre.
The ogre is moderately wounded.
The ogre hits you with a giant club!
You barely miss the ogre.
The ogre is moderately wounded.
The ogre hits you with a giant club.
Your plate armour prevents you from hitting the ogre.
The ogre is moderately wounded.
The ogre hits you with a giant club!!
* * * LOW HITPOINT WARNING * * *
The ogre hits you with a giant club!
* * * LOW HITPOINT WARNING * * *
Blink to where?
Press: ? - help, Dir - move target cursor You can't see that place. [the floor.] Sorry, you can't target what you can't see.
Okay, then.
The ogre hits you with a giant club.
You die...

#.# #########...######
#.# ##.......#........#
...##........#...##.#.#
...#..#......###.##.# #
....._.......# #.##.# #
#..##..#....(.#
#.##.#.# #........#
#.##.#.# #....O..#
#......# #...@...#
####.### #.#####.# #.#
###.#####.######.#####
#......[.............#
#.#.##.##.##########.##
... #.##.# #..# ....#
..<..# ##.# ###..
.#.#### #..
#.####################.


You could see an ogre.

Vanquished Creatures
  The ghost of appiemonkey the Skirmisher, a novice DsBe of Trog (D:5)
  Eustachio (D:4)
  Menkaure (D:5)
  Purgy (Sewer)
  2 sky beasts (D:6)
  2 ice beasts (D:5)
  An ogre (D:6)
  A phantom (D:4)
  A centaur (D:6)
  A scorpion (D:5)
  2 crimson imps (D:5)
  An orc priest (D:5)
  An orc wizard (D:5)
  3 worker ants
  A worker ant zombie (D:5)
  10 adders
  2 howler monkey skeletons
  A shadow imp (D:6)
  An ooze (D:3)
  An adder zombie (D:5)
  2 worms (D:3)
  3 dart slugs
  7 giant geckos
  8 orcs
  A ball python (D:3)
  4 giant cockroaches (D:4)
  10 goblins
  6 hobgoblins
  3 jackals (D:5)
  2 quokkas
  7 bats
  2 giant newts
  A jackal skeleton (D:4)
  9 kobolds
  7 rats
  A butterfly (D:4)
108 creatures vanquished.

Notes
Turn   | Place    | Note
--------------------------------------------------------------
     0 | D:1      | wamma the Minotaur Berserker began the quest for the Orb.
     0 | D:1      | Reached XP level 1. HP: 19/19 MP: 0/0
   138 | D:1      | Reached XP level 2. HP: 27/27 MP: 1/1
   803 | D:2      | Found a stormy altar of Qazlal.
   938 | D:2      | Reached XP level 3. HP: 31/33 MP: 2/2
   992 | D:2      | Reached ** piety under Trog
  1172 | D:2      | Found a deep blue altar of Sif Muna.
  1394 | D:2      | Found a basalt altar of Yredelemnul.
  1625 | D:3      | Reached XP level 4. HP: 27/41 MP: 3/3
  1988 | D:3      | Reached skill level 3 in Armour
  2207 | D:4      | Noticed a phantom
  2230 | D:4      | Killed a phantom
  2230 | D:4      | Reached skill level 5 in Axes
  2230 | D:4      | Reached XP level 5. HP: 33/47 MP: 4/4
  2272 | D:4      | Reached *** piety under Trog
  2317 | D:4      | Found an oddly glowing altar of Pakellas.
  2351 | D:4      | Reached skill level 5 in Fighting
  2459 | D:4      | Found a bloodstained altar of Trog.
  2525 | D:4      | Found a shimmering altar of Xom.
  2691 | D:4      | Found a glowing drain.
  2704 | Sewer    | Entered a sewer
  2753 | Sewer    | Reached skill level 4 in Armour
  2783 | Sewer    | Noticed Purgy
  2796 | Sewer    | Killed Purgy
  2796 | Sewer    | Reached XP level 6. HP: 36/56 MP: 5/5
  3181 | D:4      | Found a white marble altar of Elyvilon.
  3184 | D:4      | Found a glowing golden altar of the Shining One.
  3236 | D:4      | Noticed Eustachio
  3246 | D:4      | Killed Eustachio
  3246 | D:4      | Reached skill level 5 in Armour
  3608 | D:5      | Entered Level 5 of the Dungeon
  3617 | D:5      | Reached XP level 7. HP: 62/62 MP: 6/6
  3673 | D:5      | Noticed Menkaure
  3678 | D:5      | Killed Menkaure
  3678 | D:5      | Reached skill level 6 in Armour
  3791 | D:5      | Found a staircase to the Ecumenical Temple.
  4084 | D:5      | Found a glowing silver altar of Zin.
  4237 | D:5      | Found a radiant altar of Vehumet.
  4248 | D:5      | Reached **** piety under Trog
  4248 | D:5      | Reached skill level 7 in Armour
  4248 | D:5      | Reached XP level 8. HP: 71/71 MP: 7/7
  4278 | D:5      | Noticed appiemonkey's ghost (novice DsBe)
  4349 | D:5      | Killed appiemonkey's ghost
  4349 | D:5      | Reached skill level 8 in Armour
  4750 | D:6      | Reached skill level 9 in Armour
  5014 | D:6      | Found a snail-covered altar of Cheibriados.
  5474 | D:7      | Found a blossoming altar of Fedhas.
  5482 | D:7      | Identified a scroll of acquirement
  5543 | D:7      | Found a bloodstained altar of Trog.
  5565 | D:7      | Slain by an ogre

Skill      XL: |  1  2  3  4  5  6  7  8 |
---------------+-------------------------+-----
Fighting       | 4 5 6 7 |  7.3
Axes           | 4 5 6 7 |  7.7
Dodging        | 3 4 |  4.5
Armour         | 3 4 5 7 9 |  9.3
Stealth        | |  0.5
Shields        | |  0.2

Action                   |  1- 3 |  4- 6 |  7- 9 || total
-------------------------+-------+-------+-------++-------
Melee: Hand axe          |    70 |   194 |   160 ||   424
       Headbutt          |     9 |    20 |    39 ||    68
       War axe           |       |       |     9 ||     9
Invok: Berserk           |       |     1 |     1 ||     2
       Burn Spellbooks   |       |       |     3 ||     3
       Trog's Hand       |       |       |     2 ||     2
  Use: Scroll            |       |     6 |    12 ||    18
       Potion            |       |       |     1 ||     1
  Eat: Chunk             |     2 |     2 |     2 ||     6
       Bread ration      |       |     1 |       ||     1
       Royal jelly       |       |       |     1 ||     1
       Meat ration       |       |       |     1 ||     1
Armor: Animal skin       |    12 |       |       ||    12
       Ring mail         |    21 |    10 |       ||    31
       Plate armour      |       |   113 |   103 ||   216
Dodge: Dodged            |    69 |    70 |    31 ||   170
Block: Shield            |       |       |     8 ||     8
